 Dungeon Crawl Stone Soup version 0.29.0-15-g675c0067aa (webtiles) character file.

Game seed: 4961006425430609341

15143 gelatine the Cleaver (level 11, -5/102 HPs)
             Began as a Minotaur Fighter on Sept 11, 2022.
             Killed by divine providence
             ... invoked by a smoke demon
              (11 damage)
             ... on level 3 of the Abyss.
             The game lasted 00:35:06 (11529 turns).

gelatine the Cleaver (Minotaur Fighter)            Turns: 11529, Time: 00:35:07

Health: -5/102     AC: 18    Str: 26    XL:     11   Next: 98%
Magic:  10/10      EV: 16    Int:  9    God:
Gold:   631        SH:  6    Dex: 10    Spells: 10/10 levels left

rFire   . . .      SeeInvis .   f - +4 hand axe (freeze)
rCold   . . .      Faith    .   c - +0 buckler
rNeg    + . .      Spirit   .   J - +2 scale mail {rPois}
rPois   +          Reflect  .   M - +2 hat
rElec   .          Harm     .   W - +2 cloak of the Other World {rN+ Str-5 Int+4}
rCorr   .          Rampage  .   k - +1 pair of gloves
Will    .....                   (no boots)
Stlth   ..........              (no amulet)
HPRegen 0.27/turn               L - +6 ring of strength
MPRegen 0.12/turn               R - +4 ring of evasion

@: mighty
A: horns 2, retaliatory headbutt
a: no special abilities


You were on level 3 of the Abyss.
You visited 2 branches of the dungeon, and saw 12 of its levels.
You visited the Abyss 1 time.
You also visited: Sewer.

You collected 631 gold pieces.

Inventory:

Hand Weapons
 a - a +0 war axe
 f - a +4 hand axe of freezing (weapon)
 m - the +4 whip of Vohee {vorpal, rN+ Dex+2}
   (You found it on level 2 of the Dungeon)

   It inflicts extra damage upon your enemies.
   Dex:       It affects your dexterity (+2).
   rN:        It protects you from negative energy.
 P - a +3 hand axe of venom
 S - a +0 antimagic war axe
 X - a +0 arbalest
Missiles
 e - 27 poisoned darts
 E - 8 boomerangs (quivered)
 V - 6 atropa-tipped darts
Armour
 c - a +0 buckler (worn)
 k - a +1 pair of gloves (worn)
 u - a +0 plate armour
 A - the +1 ring mail of Feasting {rPois rF+}
   (You found it in a sewer)

   rF:        It protects you from fire.
   rPois:     It protects you from poison.
 J - a +2 scale mail of poison resistance (worn)
 M - a +2 hat (worn)
 W - the +2 cloak of the Other World (worn) {rN+ Str-5 Int+4}
   (You found it on level 9 of the Dungeon)

   Str:       It affects your strength (-5).
   Int:       It affects your intelligence (+4).
   rN:        It protects you from negative energy.
 Z - +0 acid dragon scales
Jewellery
 K - the ring of Jaeneuck {rElec rCorr AC+4 Dex-5}
   (You found it on level 5 of the Dungeon)

   [ring of protection]

   AC:        It affects your AC (+4).
   Dex:       It affects your dexterity (-5).
   rElec:     It insulates you from electricity.
   rCorr:     It protects you from acid and corrosion.
 L - a +6 ring of strength (left hand)
 R - a +4 ring of evasion (right hand)
Wands
 p - a wand of polymorph (7)
 q - a wand of light (2)
 x - a wand of flame (26)
 N - a wand of mindburst (4)
 U - a wand of paralysis (21)
Scrolls
 h - 5 scrolls of teleportation
 j - a scroll of magic mapping
 l - 2 scrolls of poison
 n - 2 scrolls of butterflies
 v - a scroll of brand weapon {unknown}
 w - a scroll of enchant armour {unknown}
 y - a scroll of amnesia {unknown}
 C - 2 scrolls of enchant weapon
 D - 2 scrolls of summoning
 Y - a scroll of immolation {unknown}
Potions
 b - a potion of cancellation
 o - 3 potions of flight {unknown}
 r - a potion of berserk rage {unknown}
 s - a potion of curing
 z - 3 potions of magic
 B - 2 potions of haste {unknown}
 F - a potion of attraction {unknown}
 G - 2 potions of brilliance {unknown}
 I - a potion of lignification {unknown}
 O - a potion of resistance {unknown}
 Q - 2 potions of mutation {unknown}
 T - 4 potions of degeneration {unknown}


   Skills:
 * Level 11.2 Fighting
 + Level 12.8 Axes
 + Level 4.0 Throwing
 + Level 9.8 Armour
 * Level 8.0 Dodging
 + Level 1.5 Stealth
 * Level 10.1 Shields


You had 10 spell levels left.
You didn't know any spells.
Your spell library contained the following spells:

 Spells                   Type           Power      Damage    Failure   Level
 Apportation              Tloc           0%         N/A       69%         1
 Magic Dart               Conj           0%         1d3       69%         1
 Slow                     Hex            0%         N/A       69%         1
 Summon Small Mammal      Summ           0%         N/A       69%         1
 Searing Ray              Conj           0%         2d4       83%         2
 Call Canine Familiar     Summ           0%         N/A       96%         3
 Confusing Touch          Hex            0%         N/A       96%         3
 Portal Projectile        Hex/Tloc       0%         N/A       96%         3
 Summon Guardian Golem    Hex/Summ       0%         N/A       96%         3
 Tukima's Dance           Hex            0%         N/A       96%         3
 Vampiric Draining        Necr           0%         2d6       96%         3
 Animate Armour           Summ/Erth      0%         N/A       100%        4
 Fulminant Prism          Conj/Hex       0%         3d6       100%        4
 Alistair's Intoxication  Tmut/Pois      0%         N/A       100%        5
 Blade Hands              Tmut           0%         N/A       100%        5
 Iron Shot                Conj/Erth      0%         9d1       100%        6


Dungeon Overview and Level Annotations

Branches:
Dungeon (11/15)            Temple (1/1) D:7            Lair (0/5) D:11
    Orc (0/2) D:10          Sewer (visited)

Altars:
Ashenzari
Cheibriados
Dithmenos
Elyvilon
Fedhas
Gozag
Hepliaklqana
Kikubaaqudgha
Makhleb
Nemelex Xobeh
Okawaru
Qazlal
Ru
Sif Muna
Trog
Uskayaw
Vehumet
Wu Jian
Xom
Yredelemnul
Zin
The Shining One

Shops:
D:4 [   D:5 =

Annotations:
D:11 Erolcha


Innate Abilities, Weirdness & Mutations

You have a pair of horns on your head.
You reflexively headbutt those who attack you in melee.


Message History

The smoke demon hits you but does no damage.
The smoke demon completely misses you.
You feel better. The fire bat closely misses you. x2
The smoke demon gestures at you. Something smites you!
* * * LOW HITPOINT WARNING * * *
The smoke demon hits you.
* * * LOW HITPOINT WARNING * * *
The smoke demon closely misses you.
The smoke demon hits you but does no damage.
You block the fire bat's attack.
You feel better.
The fire bat bites you but does no damage.
The wind drake flaps its wings at you. The air twists around and strikes you.
* * * LOW HITPOINT WARNING * * *
You block the smoke demon's attack.
The smoke demon hits you but does no damage. x2
The smoke demon barely misses you.
The smoke demon hits you but does no damage. x2
The fire bat misses you. The wind drake flaps its wings at you.
The air twists around and strikes you.
You feel very mighty all of a sudden.
The fire bat bites you but does no damage.
The smoke demon completely misses you. You furiously retaliate!
You headbutt the smoke demon! The smoke demon barely misses you.
You block the smoke demon's attack. The smoke demon closely misses you.
You furiously retaliate!
You headbutt the smoke demon!
The smoke demon hits you but does no damage.
You block the smoke demon's attack. The fire bat completely misses you.
The wind drake flaps its wings at you. The air twists around and strikes you.
Blink to where?
Press: ? - help, Q - select action, (/) - cycle Dir - move target
As you read the scroll of blinking, it crumbles to dust.
The harpy misses you. The harpy claws you but does no damage.
The smoke demon gestures at you. Something smites you!
You die...

###.#.# ##
3#.8.#3#b#
#.#.#k#ยง#
#.#.#3##
####'l.##
##.#b#k#.##
.....#.#.##
#.Hk###. .#
# #
#@...#.#.##
.. .
###.###.# #
. ## # .
.#.# . .#
..# # ..#
#.#.#.. .#
. #.
##.#...#.##
# . #
####.#.. #
.
.......#..
# ..###..
...#. # .


You could see 3 wind drakes, a harpy, 2 smoke demons and a fire bat.

Vanquished Creatures
  Gastronok (D:11)
  A two-headed ogre (D:11)
  A sixfirhy (Abyss:3)
  Pikel (D:9)
  An ugly thing (D:9)
  A cyclops (D:9)
  Maggie (D:8)
  A gargoyle (D:10)
  A hellion (Abyss:3)
  A komodo dragon (shapeshifter) (D:8)
  An ancient zyme (Abyss:3)
  3 trolls
  A hornet (D:8)
  4 raiju (Abyss:3)
  A large abomination (Abyss:3)
  Sigmund (D:2)
  2 shadows
  3 yaks
  A vampire (D:10)
  A water elemental (D:11)
  3 wyverns (D:9)
  A wraith (D:11)
  2 steam dragons
  A fire bat (Abyss:3)
  Eustachio (D:4)
  An acid dragon (D:10)
  3 water moccasins
  Pargi (Sewer)
  2 ice beasts
  7 orc warriors
  2 black bears
  4 sky beasts
  3 wolves (D:11)
  3 ogres
  4 centaurs
  3 phantoms
  A kobold brigand (D:9)
  3 bullfrogs
  5 necrophages
  6 scorpions
  8 wights (D:8)
  7 killer bees
  2 vampire bats (Abyss:3)
  5 electric eels
  A howler monkey (D:5)
  9 hounds
  3 jellies
  A quasit (Abyss:3)
  A gnoll bouda (D:7)
  9 orc priests
  5 iguanas
  10 orc wizards
  A hound zombie (D:3)
  Robin (D:2)
  11 gnolls
  7 adders
  2 shadow imps
  5 white imps
  4 ufetubi
  2 adder skeletons (D:3)
  An adder zombie (D:3)
  3 worms
  A dart slug (D:1)
  46 orcs
  3 endoplasms
  5 giant cockroaches
  10 goblins
  9 hobgoblins
  6 jackals (D:1)
  12 kobolds
  5 quokkas
  11 ball pythons
  7 bats
  10 frilled lizards
  5 rats (D:1)
  2 lurking horrors (Abyss:3)
314 creatures vanquished.

Vanquished Creatures (collateral kills)
  2 orc priests (D:11)
  2 orcs (D:11)
4 creatures vanquished.

Vanquished Creatures (others)
  A howler monkey (D:9)
  A withered plant (D:3)
2 creatures vanquished.

Grand Total: 320 creatures vanquished

Notes
Turn   | Place    | Note
-------+----------+-------------------------------------------
     0 | D:1      | gelatine the Minotaur Fighter began the quest for the Orb.
     0 | D:1      | Reached XP level 1. HP: 19/19 MP: 0/0
   299 | D:1      | Reached XP level 2. HP: 27/27 MP: 1/1
   616 | D:1      | Reached XP level 3. HP: 31/33 MP: 2/2
  1070 | D:2      | Identified the +4 whip of Vohee {vorpal, rN+ Dex+2}
  1160 | D:2      | Noticed Robin
  1179 | D:2      | Killed Robin
  1180 | D:2      | Reached XP level 4. HP: 13/41 MP: 3/3
  1642 | D:2      | Reached skill level 3 in Axes
  1770 | D:2      | Found a faded altar of an unknown god.
  1907 | D:2      | Noticed Sigmund
  1917 | D:2      | Killed Sigmund
  1918 | D:2      | Reached skill level 5 in Fighting
  1918 | D:2      | Reached skill level 4 in Axes
  1918 | D:2      | Reached skill level 5 in Armour
  1918 | D:2      | Reached skill level 1 in Dodging
  1918 | D:2      | Reached XP level 5. HP: 37/48 MP: 4/4
  2322 | D:3      | Reached XP level 6. HP: 53/56 MP: 5/5
  2438 | D:3      | Reached skill level 5 in Axes
  2837 | D:3      | Found a basalt altar of Yredelemnul.
  2980 | D:4      | Noticed Eustachio
  2986 | D:4      | Killed Eustachio
  3043 | D:4      | Reached skill level 6 in Axes
  3052 | D:4      | Reached XP level 7. HP: 53/61 MP: 6/6
  3117 | D:4      | Found Wumuep's Antique Armour Emporium.
  3151 | D:4      | Found a glowing drain.
  3230 | Sewer    | Entered a sewer
  3334 | Sewer    | Noticed Pargi
  3343 | Sewer    | Killed Pargi
  3344 | Sewer    | Reached skill level 7 in Axes
  3388 | Sewer    | Identified the +1 ring mail of Feasting {rPois rF+}
  3603 | D:4      | Found a burning altar of Makhleb.
  3605 | D:4      | Found a glowing silver altar of Zin.
  3606 | D:4      | Noticed a green death
  3606 | D:4      | Noticed an angel
  3713 | D:4      | Found an opulent altar of Gozag.
  3908 | D:5      | Entered Level 5 of the Dungeon
  4098 | D:5      | Reached XP level 8. HP: 62/70 MP: 7/7
  4205 | D:5      | Found Geopaceff's Jewellery Shop.
  4368 | D:5      | Found an ancient bone altar of Kikubaaqudgha.
  4440 | D:5      | Found a shadowy altar of Dithmenos.
  4443 | D:5      | Found a bloodstained altar of Trog.
  4453 | D:5      | Reached skill level 5 in Shields
  4539 | D:5      | Found a radiant altar of Vehumet.
  4932 | D:5      | Reached skill level 8 in Axes
  4952 | D:5      | Reached skill level 1 in Stealth
  4990 | D:5      | Identified the ring of Jaeneuck {rElec rCorr AC+4 Dex-5}
  5218 | D:6      | Found a blossoming altar of Fedhas.
  5233 | D:6      | Reached skill level 9 in Axes
  5237 | D:6      | Reached XP level 9. HP: 77/78 MP: 8/8
  5830 | D:6      | Reached skill level 10 in Axes
  6328 | D:7      | Found an iron altar of Okawaru.
  6367 | D:7      | Reached skill level 1 in Throwing
  6367 | D:7      | Reached skill level 5 in Dodging
  6510 | D:7      | Found a staircase to the Ecumenical Temple.
  6531 | Temple   | Entered the Ecumenical Temple
  6594 | D:7      | Reached XP level 10. HP: 89/90 MP: 9/9
  6707 | D:7      | Found a shimmering blue altar of Sif Muna.
  6974 | D:7      | Found a snail-covered altar of Cheibriados.
  7054 | D:8      | Noticed Maggie
  7071 | D:8      | Killed Maggie
  7307 | D:8      | Found a glowing golden altar of the Shining One.
  7716 | D:8      | Reached skill level 11 in Axes
  7893 | D:9      | Noticed a red ugly thing
  7901 | D:9      | Paralysed by a hornet for 2 turns
  8456 | D:9      | Found a hazy altar of Hepliaklqana.
  8512 | D:9      | Killed a red ugly thing
  8545 | D:9      | Noticed Pikel
  8552 | D:9      | Killed Pikel
  8776 | D:9      | Found a snail-covered altar of Cheibriados.
  8779 | D:9      | Noticed a cyclops
  8790 | D:9      | Killed a cyclops
  8791 | D:9      | Reached XP level 11. HP: 69/97 MP: 10/10
  8995 | D:9      | Identified the +2 cloak of the Other World {rN+ Str-5
                  | Int+4}
  9202 | D:10     | Entered Level 10 of the Dungeon
  9625 | D:10     | Found a staircase to the Orcish Mines.
  9729 | D:10     | Reached skill level 10 in Fighting
 10260 | D:10     | Reached skill level 12 in Axes
 10382 | D:10     | Found a shimmering altar of Xom.
 10520 | D:11     | Found a staircase to the Lair.
 10781 | D:11     | Noticed Gastronok
 10781 | D:11     | Noticed a two-headed ogre
 10820 | D:11     | Killed a two-headed ogre
 10830 | D:11     | Killed Gastronok
 11141 | D:11     | Noticed Erolcha
 11153 | Abyss:2  | Cast into level 2 of the Abyss (Erolcha)
 11227 | Abyss:2  | Noticed a naga warrior
 11232 | Abyss:2  | Noticed a naga warrior
 11288 | Abyss:3  | Reached skill level 10 in Shields
 11450 | Abyss:3  | Noticed a sixfirhy
 11460 | Abyss:3  | Killed a sixfirhy
 11506 | Abyss:3  | Noticed a tentacled starspawn
 11521 | Abyss:3  | Noticed a harpy
 11526 | Abyss:3  | HP: 3/102 [smoke demon/divine providence (13)]
 11526 | Abyss:3  | HP: 1/102 [smoke demon (2)]
 11529 | Abyss:3  | Killed from afar by a smoke demon

Illustrated notes

Levels and vault maps discovered:
D:1:      dpeg_arrival_central, layout_basic, roderic_lattice_a,
          minmay_pentomino_u4
D:2:      layout_basic, chequers_ecumenical_altar_island,
          grunt_decor_resistance, minmay_misc_feat_ornament,
          nrook_mini_backslash, uniq_sigmund, uniq_robin
D:3:      layout_loops_corners, lemuel_doored_altar, serial_undead,
          serial_undead_d, serial_undead_c, serial_undead_e, serial_undead_a,
          serial_undead_c, serial_undead_c
D:4:      layout_cave_pools, grunt_temple_overflow_order_and_chaos_2,
          grunt_gozag_statues, serial_shops, nicolae_take_the_stairs,
          cheibrodos_sewer_entry_drain, serial_bayou_pond_c, uniq_eustachio
D:5:      minmay_clustersquares, layout_basic, kiku_gazebo_pond_becter,
          chequers_temple_overflow_statue_of_worship, serial_shops,
          nicolae_shop_advertising_works [nicolae_subvault_shop_adworks]
D:6:      layout_rooms, general_overflow_altar, minmay_misc_feat_room
D:7:      layout_loops_ring, mainiacjoe_overflow_six_doors_small,
          marbit_many_paths, mainiacjoe_overflow_small_starburst,
          minmay_temple_entry_purple_smoke
D:8:      layout_basic, mainiacjoe_overflow_brackets, uniq_maggie
D:9:      layout_roguey, amcnicky_altar_gilded, minmay_ruined_shrine, uniq_pikel
D:10:     layout_rooms, kennysheep_mini, erik_orc_2
D:11:     layout_small_grid, erik_lair_island, uniq_urug, uniq_gastronok,
          uniq_erolcha
Temple:   hellmonk_temple_two_chambers
Abyss:3:  base: D:2, hangedman_abyss_batty_box

Skill      XL: |  1  2  3  4  5  6  7  8  9 10 11 |
---------------+----------------------------------+-----
Fighting       | 4 5 6 8 9 11 | 11.2
Armour         | 4 5 6 7 8 9 |  9.8
Shields        | 4 5 7 8 10 | 10.1
Axes           | 4 6 7 9 10 11 12 | 12.8
Dodging        | 1 2 3 5 6 8 |  8.0
Stealth        | 1 |  1.5
Throwing       | 1 2 4 |  4.0

Action                   |  1- 3 |  4- 6 |  7- 9 | 10-12 || total
-------------------------+-------+-------+-------+-------++-------
Melee: War axe           |    15 |       |       |       ||    15
       Headbutt          |     6 |    12 |    42 |    83 ||   143
       Hand axe          |    55 |    70 |   284 |   440 ||   849
Throw: Dart              |       |     2 |     2 |       ||     4
       Boomerang         |       |       |     5 |    87 ||    92
Evoke: Wand              |       |       |       |     2 ||     2
  Use: Scroll            |       |       |     1 |    13 ||    14
       Potion            |       |       |       |    15 ||    15
Armor: Scale mail        |    52 |    35 |   107 |   156 ||   350
       Ring mail         |       |       |    28 |       ||    28
Dodge: Dodged            |    55 |    20 |   111 |   257 ||   443
Block: Buckler           |    13 |     9 |    45 |    95 ||   162
